 Dungeon Crawl Stone Soup version 0.23.2-30-g0e89c35649 (webtiles) character file.

Game seed: 2943913081738485653

214 Hatywr the Chopper (level 5, -1/45 HPs)
             Began as a Hill Orc Fighter on June 23, 2019.
             Slain by a scorpion (6 damage)
             ... on level 4 of the Dungeon.
             The game lasted 00:04:18 (3128 turns).

Hatywr the Chopper (Hill Orc Fighter)               Turns: 3128, Time: 00:04:19

Health: -1/45      AC: 10    Str: 20      XL:     5   Next: 91%
Magic:  5/5        EV:  5    Int:  8      God:
Gold:   203        SH:  9    Dex:  9 (10) Spells: 4/4 levels left

rFire    . . .     SeeInvis .   a - +0 war axe
rCold    . . .     Gourm    .   c - +0 shield
rNeg     . . .     Faith    .   j - +0 chain mail
rPois    .         Spirit   .   (no helmet)
rElec    .         Reflect  .   (no cloak)
rCorr    .         Harm     .   s - +0 pair of gloves
MR       .....                  (no boots)
Stlth    ..........             (no amulet)
HPRegen  0.15/turn              (no ring)
MPRegen  0.09/turn              (no ring)

@: lethally poisoned (-1 -> -10), hasted, very quick
A: no striking features
a: no special abilities


You were on level 4 of the Dungeon.
You were hungry.

You visited 1 branch of the dungeon, and saw 6 of its levels.

You collected 203 gold pieces.

Inventory:

Hand Weapons
 a - a +0 war axe (weapon)
Armour
 b - a +0 scale mail
 c - a +0 shield (worn)
 j - a +0 chain mail (worn)
 s - a +0 pair of gloves (worn)
Jewellery
 r - an uncursed ring of flight {unknown}
 t - an uncursed amulet of rage {unknown}
Scrolls
 e - 4 scrolls of identify {unknown}
 g - a scroll of noise {unknown}
 i - 3 scrolls of random uselessness {unknown}
 k - 4 scrolls of teleportation {unknown}
 l - a scroll of remove curse {unknown}
 n - a scroll of magic mapping {unknown}
 o - a scroll of immolation {unknown}
 p - a scroll of amnesia {unknown}
 q - 2 scrolls of enchant weapon {unknown}
Potions
 m - a potion of brilliance
Comestibles
 f - 7 rations
 h - 2 chunks of flesh


   Skills:
 - Level 3.6 Fighting
 + Level 7.9 Axes
 - Level 3.2 Armour
 - Level 3.2 Shields


You had 4 spell levels left.
You didn't know any spells.
Your spell library was empty.

Dungeon Overview and Level Annotations

Branches:
Dungeon (6/15)
 Temple: D:4-7

Altars:
Wu Jian

Annotations:
D:4 Prince Ribbit


Message History

The scorpion stings you.
You completely miss the scorpion.
The scorpion is severely wounded.
You feel sick. The scorpion stings you.
* * * LOW HITPOINT WARNING * * *
You are lethally poisoned!
The scorpion poisons you!
You hit the scorpion but do no damage.
The scorpion is severely wounded.
* * * LOW HITPOINT WARNING * * *
You feel sick. The scorpion barely misses you.
You hit the scorpion.
The scorpion is almost dead.
* * * LOW HITPOINT WARNING * * *
You feel sick.
The scorpion stings you but does no damage.
It was a potion of haste.
You feel yourself speed up.
* * * LOW HITPOINT WARNING * * *
You feel sick. The scorpion stings you.
You die...

..... ..... #..... #......
....... .......
######)...##
######....@s....#
#......#####.....# #.####.#
..... #.#....### ....
#.#......# ...
##.#....).###.. ..
#......_..............
#.###......#...............
#.# #......#...............


You could see a scorpion.

Vanquished Creatures
  A bullfrog (D:5)
  An orc wizard (D:3)
  3 adders
  3 worms (D:2)
  2 dart slugs (D:1)
  2 leopard geckos
  9 orcs
  6 giant cockroaches
  10 goblins
  6 jackals
  7 kobolds
  A quokka (D:4)
  A ball python (D:2)
  10 bats
  4 frilled lizards
  9 rats
75 creatures vanquished.

Notes
Turn   | Place    | Note
-------+----------+-------------------------------------------
     0 | D:1      | Hatywr the Hill Orc Fighter began the quest for the Orb.
     0 | D:1      | Reached XP level 1. HP: 19/19 MP: 1/1
     0 | D:1      | Noticed a gargoyle
     0 | D:1      | Noticed a naga
     0 | D:1      | Noticed a gargoyle
     3 | D:1      | Noticed a human
     3 | D:1      | Noticed a draconian
     6 | D:1      | Noticed a troll
    12 | D:1      | Noticed an elf
    14 | D:1      | Noticed a gargoyle
    14 | D:1      | Noticed a centaur
    16 | D:1      | Noticed a human
    16 | D:1      | Noticed a ghoul
    18 | D:1      | Noticed a vine stalker
    18 | D:1      | Noticed a gargoyle
    20 | D:1      | Noticed a formicid
    32 | D:1      | Reached skill level 3 in Axes
   214 | D:1      | Reached XP level 2. HP: 26/26 MP: 2/2
   259 | D:1      | Reached skill level 4 in Axes
   789 | D:2      | Reached XP level 3. HP: 31/31 MP: 3/3
   816 | D:2      | Reached skill level 5 in Axes
   994 | D:2      | Reached XP level 4. HP: 39/39 MP: 4/4
  1558 | D:3      | Reached skill level 6 in Axes
  1603 | D:3      | HP: 1/39 [orc wizard/puff of flame (7)]
  1614 | D:3      | Reached XP level 5. HP: 4/45 MP: 5/5
  2284 | D:3      | You fall through a shaft for 3 floors!
  2287 | D:6      | Noticed an ice beast
  2292 | D:5      | Entered Level 5 of the Dungeon
  2294 | D:5      | Reached skill level 7 in Axes
  2334 | D:5      | Noticed Prince Ribbit
  3060 | D:4      | Found an ornate altar of the Wu Jian Council.
  3128 | D:4      | Slain by a scorpion

Skill      XL: |  1  2  3  4  5 |
---------------+----------------+-----
Axes           | 3 4 5 6 7 |  7.9
Fighting       | |  3.6
Armour         | |  3.2
Shields        | |  3.2

Action                   |  1- 3 |  4- 6 || total
-------------------------+-------+-------++-------
Melee: War axe           |    97 |   205 ||   302
  Use: Potion            |       |     5 ||     5
  Eat: Chunk             |       |     7 ||     7
Armor: Scale mail        |    17 |       ||    17
       Chain mail        |    35 |   125 ||   160
Dodge: Dodged            |    25 |    60 ||    85
Block: Shield            |    57 |   108 ||   165
